 Dungeon Crawl Stone Soup version 0.30-a0-840-ga523dec638 (webtiles) character file.

Game seed: 3770422874733888506

3 omnomnOMINOUS the Grave Robber (level 1, 0/11 HPs)
             Began as an Octopode Wanderer on Mar 1, 2023.
             Slain by a goblin
             ... wielding a +0 club
              (5 damage)
             ... on level 1 of the Dungeon.
             The game lasted 00:01:04 (129 turns).

omnomnOMINOUS the Grave Robber (Octopode Wanderer)   Turns: 129, Time: 00:01:05

Health: 0/11       AC:  1    Str: 10    XL:     1   Next: 50%
Magic:  4/4        EV: 12    Int: 17    God:
Gold:   11         SH:  0    Dex:  9    Spells: 5/6 levels left

rFire   . . .      SeeInvis .    a - +0 quarterstaff
rCold   . . .      Faith    .    (shield currently unavailable)
rNeg    . . .      Spirit   .    (helmet restricted)
rPois   .          Reflect  .    (no amulet)
rElec   .          Harm     .    (no ring)
rCorr   .          Rampage  .    (no ring)
Will    .....                    (no ring)
Stlth   ++                       (no ring)
HPRegen 0.21/turn                (no ring)
MPRegen 0.09/turn                (no ring)
                                 (no ring)
                                 (no ring)

@: no status effects
A: almost no armour, amphibious, 8 rings, camouflage 1, gelatinous body 1,
(nimble swimmer 1), tentacles
a: no special abilities


You were on level 1 of the Dungeon.
You visited 1 branch of the dungeon, and saw 1 of its levels.

You collected 11 gold pieces.

Inventory:

Hand Weapons
 a - a +0 quarterstaff (weapon)
 c - a +0 dagger
Missiles
 b - 12 poisoned darts (quivered)
Scrolls
 e - a scroll of teleportation {unknown}
 f - a scroll of identify {unknown}
Potions
 d - a potion of attraction
 g - a potion of degeneration {unknown}


   Skills:
 + Level 0.2 Fighting
 - Level 1.0 Staves
 - Level 1.0 Throwing
 + Level 1.1 Dodging
 + Level 3.0 Spellcasting
 + Level 0.2 Conjurations
 - Level 4.0 Necromancy


You had 5 spell levels left.
You knew the following spells:

 Your Spells              Type           Power      Damage    Failure   Level
a - Kiss of Death         Conj/Necr      36%        2d8       8%          1

Your spell library contained the following spells:

 Spells                   Type           Power      Damage    Failure   Level
 Sublimation of Blood     Necr           16%        N/A       4%          2
 Cigotuvi's Dreadful Rot  Necr/Pois/Air  14%        N/A       16%         2


Dungeon Overview and Level Annotations

Branches:
Dungeon (1/15)

Altars:


Innate Abilities, Weirdness & Mutations

You cannot wear most types of armour.
You are amphibious.
You can wear up to eight rings at the same time.
Your skin changes colour to match your surroundings (Stealth+).
Your rubbery body absorbs attacks. (AC +1, EV +1)
((You are camouflaged when in or above water. (Stealth+)))
You have tentacles for arms and can constrict up to eight enemies at once.


Message History

There are monsters nearby!
The helpless bat fails to defend itself.
You thump the bat!
You kill the bat!
Found a coppery potion.
The endoplasm quivers.
The endoplasm closely misses you.
You barely miss the endoplasm. You squeeze the endoplasm.
You kill the endoplasm!
No target in view!
No target in view!
No target in view!
No target in view!
No target in view!
No target in view!
No target in view!
No target in view!
No target in view!
No target in view!
No target in view!
No target in view!
No target in view!
No target in view!
No target in view!
No target in view!
No target in view!
g - a coppery potion
Found a ring mail.
A rat comes into view.
A rat is nearby!
A rat is nearby! 2 goblins come into view.
The goblin shouts!
You closely miss the goblin. Your grab misses the goblin.
The goblin hits you with a +0 club. The goblin hits you but does no damage.
The goblin hits you with a +0 club. x2
You closely miss the rat. You grab the rat.
You constrict the rat, but do no damage.
The goblin misses you. The rat bites you. The goblin hits you with a +0 club.
You die...

#..##.##.###)#.## #..
.#######....##..#..# #.#
.........##.....#..# #.#
###########..#####.# #.#
.........##..#####.###.#
.#######.....##........#
.......[...#.##.##.#####
........##.#.##>##.#
..####r@##.........#
#gg##########.# #..# #.#
#..# #.# ...# #.# ...##
#.### .## #...## #.
###..# ##.#


You could see 2 goblins and a rat.

Vanquished Creatures
  An endoplasm (D:1)
  A kobold (D:1)
  A bat (D:1)
3 creatures vanquished.

Notes
Turn   | Place    | Note
-------+----------+-------------------------------------------
     0 | D:1      | omnomnOMINOUS the Octopode Wanderer began the quest for the
                  | Orb.
     0 | D:1      | omnomnOMINOUS set off with the following items: a +0
                  | quarterstaff, 12 poisoned darts, a +0 dagger, a potion of
                  | attraction; and the following spell memorised: Kiss of
                  | Death; and the following spells available to memorise:
                  | Sublimation of Blood, Cigotuvi's Dreadful Rot.
     0 | D:1      | Reached XP level 1. HP: 11/11 MP: 4/4
   129 | D:1      | Slain by a goblin

Illustrated notes

Levels and vault maps discovered:
D:1:      evilmike_arrival_crescent, layout_loops_cross,
          serial_co_window_serial, co_window_of_opportunity_a,
          co_window_paths_a, co_window_corner_a, co_window_of_opportunity_a,
          co_window_paths_b, co_window_of_opportunity_c,
          co_window_unsneaky_path_d, co_window_corner_b,
          minmay_worlds_worst_comb

Action                     || total
---------------------------++-------
  Melee: Quarterstaff      ||     5
         Constrict         ||     1
         Tentacles         ||     1
   Stab: Sleeping          ||     2
 Armour: Skin              ||     1
  Dodge: Dodged            ||     2

Table legend: (Time is in decaauts)
 A = Elapsed time spent in this place.
 B = Non-inter-level travel time spent in this place.
 C = Inter-level travel time spent in this place.
 D = Time resting spent in this place.
 E = Time spent auto-exploring this place.
 F = Levels seen in this place.
 G = Mean time per level.
                   A        B        C        D        E       F      G
               +--------+--------+--------+--------+--------+-----+--------+
         Total |    130 |    130 |      0 |      0 |     98 |   1 |  130.0 |
       Dungeon |    130 |    130 |      0 |      0 |     98 |   1 |  130.0 |
               +--------+--------+--------+--------+--------+-----+--------+

Top non-repeatable levels by time:
     D:1: 130 daAuts
